 Dungeon Crawl Stone Soup version 0.27-a0-898-g810843a28d (webtiles) character file.

Game seed: 15560108530715892515

570 funkygono the Magician (level 7, -4/45 HPs)
             Began as a Djinni Fire Elementalist on Apr 5, 2021.
             Slain by a hornet zombie (7 damage)
             ... on level 5 of the Dungeon.
             The game lasted 00:11:34 (5464 turns).

funkygono the Magician (Djinni Fire Elementalist)   Turns: 5464, Time: 00:11:34

Health: -4/45      AC:  3    Str: 11    XL:     7   Next: 34%
Gold:   192        EV: 10    Int: 24    God:
                   SH:  8    Dex: 21

rFire    + + .     SeeInvis .   b - +1 short sword (flame)
rCold    x . .     Faith    .   g - +0 kite shield of Bitterness {Str+4}
rNeg     . . .     Spirit   .   a - +1 robe
rPois    ∞         Reflect  .   (no helmet)
rElec    .         Harm     .   (no cloak)
rCorr    .         Rampage  .   (no gloves)
Will     .....                  (boots unavailable)
Stlth    ++........             (no amulet)
HPRegen  0.15/turn              e - ring of Lilacs {Int+6 Dex+7}
MPRegen  0.00/turn              (no ring)

@: flying, very slightly contaminated
A: fire resistance 2, cold vulnerability 1, float, innate caster, hp casting,
extra vitality 1
a: no special abilities


You were on level 5 of the Dungeon.
You visited 2 branches of the dungeon, and saw 6 of its levels.

You collected 192 gold pieces.

Inventory:

Hand Weapons
 b - a +1 short sword of flaming (weapon)
Armour
 a - a +1 robe (worn)
 g - the +0 kite shield of Bitterness (worn) {Str+4}
   (You found it on level 4 of the Dungeon)

   It affects your strength (+4).
Jewellery
 e - the ring of Lilacs (left hand) {Int+6 Dex+7}
   (You acquired it on level 4 of the Dungeon)

   [ring of intelligence]

   It affects your intelligence (+6).
   It affects your dexterity (+7).
Scrolls
 d - a scroll of teleportation
Potions
 c - a potion of haste
 j - a potion of berserk rage {unknown}


   Skills:
 + Level 0.2 Short Blades
 * Level 2.6 Dodging
 - Level 1.5 Stealth
 * Level 1.9 Shields
 * Level 6.5 Spellcasting


You couldn't memorise any spells.
You knew the following spells:

 Your Spells              Type           Power      Damage    Failure   Level
a - Foxfire               Conj/Fire      100%       2x1d9     2%          1
b - Conjure Flame         Conj/Fire      39%        6-21      9%          3
c - Inner Flame           Hex/Fire       39%        N/A       9%          3
d - Sticky Flame          Conj/Fire      39%        2d6       26%         4
e - Fireball              Conj/Fire      19%        3d9       58%         5
f - Summon Small Mammal   Summ           100%       N/A       2%          1
g - Corpse Rot            Necr/Air       N/A        N/A       4%          2
h - Mephitic Cloud        Conj/Pois/Air  39%        N/A       9%          3
Your spell library was empty.

Dungeon Overview and Level Annotations

Branches:
Dungeon (5/15)             Temple (1/1) D:4

Altars:
Cheibriados
Dithmenos
Hepliaklqana
Kikubaaqudgha
Makhleb
Nemelex Xobeh
Okawaru
Qazlal
Trog
Yredelemnul
Zin

Shops:
D:2 *


Innate Abilities, Weirdness & Mutations

You are immune to poison.
Your flesh is very heat resistant. (rF++)
You are vulnerable to cold. (rC-)
You float through the air rather than walking.
You learn spells naturally, not from books.
Your magical power is your life essence.
You have superior vitality. (+4 HP)


Message History

The hornet zombie is moderately damaged.
You block the hornet zombie's attack. The hornet zombie hits you.
You hit the hornet zombie but do no damage.
The hornet zombie is moderately damaged.
The hornet zombie completely misses you.
The hornet zombie hits you!
You hit the hornet zombie but do no damage.
The hornet zombie is moderately damaged.
You block the hornet zombie's attack.
The hornet zombie hits you but does no damage.
You hit the hornet zombie. You burn the hornet zombie.
The hornet zombie is heavily damaged.
The hornet zombie hits you!
You hit the hornet zombie but do no damage.
The hornet zombie is heavily damaged.
You block the hornet zombie's attack. The hornet zombie hits you!
Casting: Foxfire (safe; 2% risk of failure)
Confirm with . or Enter, or press ? or * to list all spells.
You miscast Foxfire.
You are very lightly contaminated with residual magic.
Nothing appears to happen.
You block the hornet zombie's attack. The hornet zombie barely misses you.
Casting: Foxfire (safe; 2% risk of failure)
Confirm with . or Enter, or press ? or * to list all spells.
You conjure some foxfire!
* * * LOW HITPOINT WARNING * * *
You block the hornet zombie's attack.
The foxfire hits the hornet zombie!
The hornet zombie is heavily damaged.
The foxfire hits the hornet zombie but does no damage.
The hornet zombie is heavily damaged.
The hornet zombie closely misses you. The hornet zombie hits you!
* * * LOW HITPOINT WARNING * * *
Casting: Foxfire (safe; 2% risk of failure)
Confirm with . or Enter, or press ? or * to list all spells.
You conjure some foxfire!
* * * LOW HITPOINT WARNING * * *
The hornet zombie hits you!
You die...

............
...........
...........
..........
.........####
#.#.......#<#
..........#.#
..........#v####..#
..........Z@v....>#
..........####.#.##
..........# #
..........#
..........#
.........##
...#............
..#........##.#
.............


You could see a hornet zombie (ally target).

Vanquished Creatures
  An ice beast (D:5)
  An ogre (D:4)
  A phantom (D:5)
  A hound (D:4)
  2 orc priests
  4 gnolls (D:4)
  7 adders
  4 worms
  3 dart slugs
  6 orcs
  9 endoplasms
  6 giant cockroaches
  6 goblins
  7 hobgoblins
  13 jackals
  6 kobolds
  5 quokkas
  5 ball pythons
  4 bats
  4 frilled lizards
  7 rats
102 creatures vanquished.

Vanquished Creatures (collateral kills)
  A jackal (D:2)
  A kobold (D:2)
  5 frilled lizards (D:1)
7 creatures vanquished.

Vanquished Creatures (others)
  A jackal (D:4)
  322 foxfires
323 creatures vanquished.

Grand Total: 432 creatures vanquished

Notes
Turn   | Place    | Note
-------+----------+-------------------------------------------
     0 | D:1      | funkygono the Djinni Fire Elementalist began the quest for
                  | the Orb.
     0 | D:1      | Reached XP level 1. HP: 15/15 MP: 0/0
    88 | D:1      | Reached skill level 3 in Spellcasting
    96 | D:1      | Reached XP level 2. HP: 13/21 MP: 0/0
   492 | D:1      | You are sucked into a shaft and drop 1 floor!
   797 | D:1      | Reached XP level 3. HP: 21/25 MP: 0/0
   797 | D:1      | Learned a level 1 spell: Summon Small Mammal
  1583 | D:2      | Reached skill level 4 in Spellcasting
  1606 | D:2      | Found Wethru Giky's General Store.
  1691 | D:2      | Found a faded altar of an unknown god.
  1819 | D:2      | Reached XP level 4. HP: 27/31 MP: 0/0
  2335 | D:3      | Found a shadowy altar of Dithmenos.
  2709 | D:3      | Reached XP level 5. HP: 20/35 MP: 0/0
  2709 | D:3      | Learned a level 2 spell: Corpse Rot
  3210 | D:4      | Reached skill level 5 in Spellcasting
  3328 | D:4      | Identified the +0 kite shield of Bitterness {Str+4}
  3679 | D:4      | Upgraded the game from 0.27-a0-887-gcab673c142 to
                  | 0.27-a0-898-g810843a28d
  3766 | D:4      | Reached skill level 1 in Shields
  3766 | D:4      | Reached XP level 6. HP: 36/40 MP: 0/0
  3820 | D:4      | Found a staircase to the Ecumenical Temple.
  3886 | Temple   | Entered the Ecumenical Temple
  4651 | D:4      | Noticed a moth of wrath
  4655 | D:4      | Found a bloodstained altar of Trog.
  5015 | D:4      | Reached skill level 6 in Spellcasting
  5322 | D:4      | Identified a scroll of acquirement
  5322 | D:4      | Acquired the ring of Lilacs {Int+6 Dex+7}
  5352 | D:5      | Entered Level 5 of the Dungeon
  5369 | D:5      | Reached XP level 7. HP: 37/45 MP: 0/0
  5369 | D:5      | Learned a level 3 spell: Mephitic Cloud
  5464 | D:5      | Slain by a hornet zombie

Illustrated notes

Levels and vault maps discovered:
D:1:      dpeg_arrival_fog, layout_loops_cross, chequers_hall_statues_y,
          minmay_lizard_pond
D:2:      layout_rooms, serial_shops, shop_coins, ebering_ecumenical_altar_ruins
D:3:      layout_basic, general_overflow_altar
D:4:      layout_loops_cross, tgw_trog, minmay_temple_entry_arrows,
          lemuel_old_faithful
D:5:      layout_basic, amcnicky_altar_gilded, nicolae_ru_awakened_eye,
          lemuel_round_altar, old_standard_altar,
          chequers_temple_overflow_statue_of_worship,
          nicolae_gozag_zags_fifth_avenue, nicolae_ossuary_entry_ruins,
          minmay_statues_item, kb_lookout_dungeons_type, lemuel_flame_loot_1,
          uniq_prince_ribbit1
Temple:   nicolae_temple_figure_zero

Skill      XL: |  1  2  3  4  5  6 |
---------------+-------------------+-----
Spellcasting   | 3 4 5 6 |  6.5
Shields        | 1 |  1.9
Short Blades   | |  0.2
Dodging        | |  2.6
Stealth        | |  1.5

Action                   |  1- 3 |  4- 6 |  7- 9 || total
-------------------------+-------+-------+-------++-------
Melee: Short sword       |     6 |    14 |     6 ||    26
 Cast: Foxfire           |    63 |   134 |     4 ||   201
       Summon Small Mamm |     7 |     1 |       ||     8
       Corpse Rot        |       |     6 |       ||     6
       Sticky Flame      |       |       |     1 ||     1
  Use: Scroll            |     4 |     7 |       ||    11
       Potion            |       |     2 |       ||     2
Armor: Robe              |     9 |     4 |     1 ||    14
Dodge: Dodged            |    16 |    12 |     3 ||    31
Block: Kite shield       |       |     3 |     6 ||     9

Table legend: (Time is in decaauts)
 A = Elapsed time spent in this place.
 B = Non-inter-level travel time spent in this place.
 C = Inter-level travel time spent in this place.
 D = Time resting spent in this place.
 E = Time spent auto-exploring this place.
 F = Levels seen in this place.
 G = Mean time per level.
                   A        B        C        D        E       F      G
               +--------+--------+--------+--------+--------+-----+--------+
         Total |   5469 |   5341 |    128 |    215 |   4400 |   6 |  911.5 |
       Dungeon |   5346 |   5229 |    117 |    215 |   4287 |   5 | 1069.2 |
        Temple |    123 |    113 |     10 |      0 |    113 |   1 |  123.0 |
               +--------+--------+--------+--------+--------+-----+--------+

Top non-repeatable levels by time:
     D:4: 2122 daAuts
     D:1: 1239 daAuts
     D:3: 1087 daAuts
     D:2: 782 daAuts
  Temple: 123 daAuts
     D:5: 114 daAuts
